Map: Para Site LE

Players

Lambo - Winner!

  • Race: Zerg Zerg
  • League: Grandmaster
  • Spawn Location: 11:00

InZaNe

  • Race: Terran Terran
  • League: Grandmaster
  • Spawn Location: 5:00

VOD

Have the link to the VOD?

Description

Time

  • Played on: Dec. 1, 2018, 8:18 a.m.
  • Length: 8:12
Show
View Real Time Build Order
Export as new Build Order

Lambo Zerg - Winner!

Build Orders: Hatch First 

Get SALT Encoding   

  12  0:01  Drone  
  13  0:16  Overlord  
  13  0:18  Drone  
  14  0:34  Drone x2  
  16  0:49  Hatchery  
  15  0:53  Drone  
  15  0:56  Drone  
  17  1:00  Drone  
  18  1:10  Extractor  
  17  1:15  Spawning Pool  
  17  1:17  Drone  
  17  1:22  Drone  
  18  1:31  Drone  
  19  1:43  Drone  
  20  1:55  Overlord  
  20  2:03  Queen x2  
  20  2:04  Zergling x2  
  20  2:05  Zergling x2  
  26  2:10  Metabolic Boost  
  26  2:15  Drone x2  
  28  2:22  Drone  
  29  2:26  Drone  
  30  2:35  Spore Crawler  
  30  2:50  Pneumatized Carapace  
  30  2:51  Hatchery  
  29  2:54  Drone  
  29  2:57  Drone  
  31  2:59  Overlord  
  31  3:01  Drone x2  
  31  3:05  Drone  
  34  3:11  Drone  
  35  3:16  Drone  
  35  3:19  Drone x2  
  38  3:20  Overlord  
  38  3:22  Queen  
  38  3:25  Drone  
  41  3:27  Drone  
  42  3:35  Drone  
  42  3:38  Queen  
  45  3:46  Drone x2  
  47  3:48  Overlord  
  47  3:50  Zergling x2  
  47  3:51  Zergling x4  
  50  3:57  Queen  
  52  4:03  Drone x2, Overlord  
  52  4:07  Evolution Chamber  
  52  4:09  Queen  
  53  4:10  Drone, Evolution Chamber  
  53  4:16  Drone x2  
  57  4:18  Overlord  
  57  4:20  Drone  
  57  4:22  Drone x2  
  60  4:26  Drone x2  
  60  4:28  Drone  
  60  4:30  Drone x2  
  65  4:33  Zerg Ground Armor Level 1  
  65  4:36  Zergling x2  
  65  4:37  Zergling x2  
  67  4:39  Overlord  
  67  4:44  Drone x2  
  69  4:47  Drone  
  71  4:52  Drone  
  71  4:53  Drone x2  
  71  4:54  Zerg Melee Weapons Level 1  
  71  4:57  Extractor, Overlord  
  71  4:58  Extractor  
  71  4:59  Drone  
  72  5:00  Overlord  
  72  5:01  Drone x2  
  72  5:02  Drone  
  72  5:05  Drone  
  76  5:07  Drone x2  
  76  5:09  Drone  
  76  5:11  Queen  
  76  5:12  Drone  
  82  5:16  Drone  
  81  5:28  Drone x6  
  81  5:31  Drone x3  
  81  5:33  Drone  
  93  5:36  Lair  
  93  5:40  Extractor x2, Baneling Nest, Drone x2  
  93  5:41  Extractor  
  89  5:47  Drone  
  89  5:49  Drone x2  
  92  5:52  Drone x2  
  92  5:56  Hatchery, Drone x3  
  96  6:04  Overlord x2  
  96  6:05  Overlord  
  96  6:07  Overlord  
  96  6:08  Zergling x2  
  97  6:13  Zergling x2  
  98  6:23  Zergling x18  
  107  6:34  Centrifical Hooks  
  107  6:39  Zergling x10, Spire  
  103  6:40  Queen  
  103  6:41  Queen x2  
  109  6:48  Zergling x6  
  109  6:52  Zergling x4  
  114  6:55  Zergling x2  
  114  7:00  Baneling x10  
  115  7:01  Zergling x2  
  115  7:03  Zergling x8  
  115  7:08  Zergling x10  
  125  7:16  Queen, Zergling x2, Extractor  
  125  7:17  Zergling x4  
  125  7:18  Extractor  
  125  7:19  Zergling x4  
  125  7:20  Zergling x2  
  131  7:29  Zergling x2  
  132  7:30  Drone x3  
  132  7:36  Zergling x2  
  129  7:41  Baneling x4  
  120  7:45  Zergling x4  
  120  7:46  Zergling x2  
  120  7:49  Zergling x2  
  114  7:53  Zergling x6  
Show
View Real Time Build Order
Export as new Build Order

InZaNe Terran 

Build Orders: Reaper Expand 

Get SALT Encoding   

  12  0:00  SCV  
  13  0:12  SCV  
  14  0:16  Supply Depot  
  14  0:25  SCV  
  15  0:38  SCV  
  15  0:39  Barracks  
  16  0:44  Refinery  
  16  0:50  SCV  
  17  1:02  SCV  
  18  1:14  SCV  
  19  1:26  Reaper  
  19  1:27  Orbital Command  
  20  1:39  Command Center  
  20  1:50  Supply Depot  
  20  1:52  SCV  
  21  1:58  Marine  
  22  2:05  SCV  
  22  2:07  Factory  
  23  2:11  Refinery  
  23  2:17  SCV  
  23  2:20  Barracks Reactor  
  24  2:29  SCV  
  25  2:41  SCV  
  26  2:52  Starport  
  26  2:53  SCV  
  26  2:55  Orbital Command  
  26  3:01  Hellion x2  
  26  3:04  Barracks Tech Lab  
  26  3:05  SCV  
  31  3:13  Supply Depot  
  31  3:17  SCV  
  32  3:20  SCV  
  32  3:23  Hellion x2  
  37  3:28  Viking  
  37  3:29  SCV  
  37  3:33  Stimpack  
  41  3:34  SCV  
  41  3:41  SCV  
  41  3:46  SCV  
  43  3:51  Command Center  
  43  3:53  SCV  
  44  3:59  SCV  
  45  4:06  SCV  
  46  4:10  Supply Depot  
  46  4:16  Factory Tech Lab  
  46  4:18  Starport Reactor, SCV  
  46  4:19  SCV  
  46  4:20  Barracks  
  46  4:22  Barracks  
  46  4:23  Marine  
  49  4:30  Engineering Bay, SCV  
  50  4:31  Engineering Bay  
  50  4:32  SCV  
  50  4:37  Siege Tank  
  54  4:43  SCV  
  54  4:44  Marine, SCV  
  57  4:48  Refinery  
  57  4:49  Refinery  
  57  4:55  SCV  
  57  4:58  Terran Infantry Armor Level 1, Terran Infantry Weapons Level 1  
  58  5:02  Marine  
  58  5:03  SCV  
  58  5:05  Starport Reactor  
  61  5:08  Orbital Command  
  61  5:09  SCV  
  61  5:11  Marine x2  
  63  5:15  Siege Tank  
  63  5:19  Marine x3  
  69  5:21  SCV  
  70  5:29  Marine x2  
  70  5:30  SCV  
  70  5:34  SCV  
  70  5:35  Orbital Command  
  73  5:39  Marine x2, Combat Shield  
  73  5:40  Marine  
  75  5:43  SCV  
  75  5:45  Supply Depot x2  
  75  5:46  SCV  
  77  5:51  Marine x2  
  77  5:59  Supply Depot  
  77  6:04  Medivac x2, SCV x3  
  84  6:05  Marine  
  84  6:06  Marine x2  
  84  6:10  Marine x2  
  89  6:12  Siege Tank  
  89  6:16  SCV  
  89  6:18  Armory, SCV x2  
  95  6:24  Marine  
  96  6:28  SCV  
  96  6:30  Barracks, SCV x2  
  96  6:31  Barracks  
  98  6:34  Medivac x2, Marine  
  98  6:35  Marine x3  
  106  6:41  SCV  
  106  6:42  SCV x2  
  109  6:50  Supply Depot  
  109  6:51  Marine  
  109  6:52  Siege Tank  
  109  6:53  SCV  
  114  6:54  SCV x2  
  114  7:00  Factory, Refinery  
  116  7:01  Refinery  
  116  7:02  Marine x2  
  116  7:03  Marine  
  116  7:06  SCV x3  
  122  7:12  Supply Depot  
  122  7:13  Supply Depot  
  122  7:23  Marine x3  
  122  7:29  Marine x2  
  124  7:32  Barracks Reactor x2  
  116  7:40  Marine  
  116  7:41  Marine x2  
  97  7:46  Marine  
  97  7:47  Marine  
  97  7:50  SCV x2  
  77  7:52  SCV  
Tags
 
Add a new tag
Caveats
  • Supply blocks, unpowered buildings, or Contaminate may cause inaccurate times.
  • Supply counts are checked every 10 seconds.